 Dungeon Crawl Stone Soup version 0.32-a0-19-g28bc0835a1 (webtiles) character file.

Game seed: 15378617330664287367

7 Armakuni the Ducker (level 1, -1/12 HPs)
             Began as a Deep Elf Wanderer on Jan 18, 2024.
             Slain by an adder (2 damage)
             ... on level 2 of the Dungeon.
             The game lasted 00:01:36 (360 turns).

Armakuni the Ducker (Deep Elf Wanderer)              Turns: 360, Time: 00:01:36

Health: -1/12      AC:  2    Str:  5    XL:     1   Next: 91%
Magic:  6/6        EV: 12    Int: 21    God:
Gold:   19         SH:  4    Dex: 13    Spells: 6/6 levels left

rFire   . . .        a - +0 dagger
rCold   . . .        d - +0 buckler
rNeg    . . .        c - +0 robe
rPois   .            (no helmet)
rElec   .            (no cloak)
rCorr   .            (no gloves)
SInv    .            (no boots)
Will    .....        (no amulet)
Stlth   +            (no ring)
HPRegen 0.22/turn    (no ring)
MPRegen 0.10/turn

%: no passive effects
@: no status effects
A: no striking features
a: no special abilities


You were on level 2 of the Dungeon.
You visited 1 branch of the dungeon, and saw 2 of its levels.

You collected 19 gold pieces.

Inventory:

Hand Weapons
 a - a +0 dagger (weapon)
Armour
 c - a +0 robe (worn)
 d - a +0 buckler (worn)
Scrolls
 b - a scroll of silence
 e - a scroll of enchant armour {unknown}
 f - a scroll of identify {unknown}
Potions
 g - a potion of invisibility {unknown}


   Skills:
 - Level 1.0 Fighting
 - Level 3.6 Dodging
 - Level 1.0 Shields
 - Level 3.0 Spellcasting
 - Level 2.1 Summonings
 + Level 2.2 Earth Magic


You had 6 spell levels left.
You didn't know any spells.
Your spell library contained the following spells:

 Spells                   Type           Power      Damage    Failure   Level
 Sandblast                Erth           24%        2d8       10%         1
 Summon Small Mammal      Summ           48%        N/A       10%         1
 Call Imp                 Summ           24%        N/A       16%         2
 Stone Arrow              Conj/Erth      14%        3d7       43%         3
 Summon Ice Beast         Ice/Summ       7%         N/A       43%         3
 Fugue of the Fallen      Necr           3%         N/A       58%         3
 Ozocubu's Armour         Ice            3%         N/A       58%         3
 Manifold Assault         Tloc           3%         N/A       94%         4
 Metabolic Englaciation   Hex/Ice        1%         N/A       100%        5
 Sculpt Simulacrum        Ice/Alch       1%         N/A       100%        6


Dungeon Overview and Level Annotations

Branches:
Dungeon (2/15)

Altars:


Message History

You block the kobold's attack.
The kobold hits you with a +0 short sword.
You barely miss the kobold.
The kobold is severely wounded.
An adder comes into view.
The adder barely misses you. The kobold closely misses you.
You closely miss the kobold.
The kobold is severely wounded.
The adder hisses angrily.
The adder completely misses you.
The kobold hits you with a +0 short sword.
You hit the kobold.
You kill the kobold!
The adder bites you.
You are poisoned.
The adder poisons you! The adder barely misses you.
You are too injured to fight recklessly!
You are too injured to fight recklessly!
You are too injured to fight recklessly!
You are too injured to fight recklessly!
You are too injured to fight recklessly!
You are too injured to fight recklessly!
You are too injured to fight recklessly!
You are too injured to fight recklessly!
You are too injured to fight recklessly!
You are too injured to fight recklessly!
You miss the adder.
* * * LOW HITPOINT WARNING * * *
You feel sick. The adder barely misses you.
You hit the adder.
The adder is lightly wounded.
* * * LOW HITPOINT WARNING * * *
You feel sick. The adder misses you. The adder barely misses you.
You barely miss the adder.
The adder is lightly wounded.
* * * LOW HITPOINT WARNING * * *
You feel sick.
You are no longer poisoned.
The adder bites you.
You die...

......##†.#.########
.......##...........#
<###....##...........#
#....##...........#
#...........#
#...........#
#####.#'######
..........#
#####..@..# #..SS.#
####..... .##### >.
... ... ....


You could see 2 adders.

Vanquished Creatures
  An endoplasm (D:1)
  A giant cockroach (D:1)
  A goblin (D:1)
  A bat (D:2)
  A frilled lizard (D:2)
  2 kobolds
7 creatures vanquished.

Notes
Turn   | Place    | Note
-------+----------+-------------------------------------------
     0 | D:1      | Armakuni the Deep Elf Wanderer began the quest for the Orb.
     0 | D:1      | Armakuni set off with the following items: a +0 dagger, a
                  | scroll of silence, a +0 robe, a +0 buckler; and the
                  | following spells available to memorise: Summon Small
                  | Mammal, Sandblast, Call Imp, Summon Ice Beast, Stone Arrow.
     0 | D:1      | Reached XP level 1. HP: 12/12 MP: 6/6
   307 | D:1      | You fall into a shaft and drop 1 floor!
   360 | D:2      | Slain by an adder

Illustrated notes

Levels and vault maps discovered:
D:1:      dpeg_arrival_boxorama, layout_basic
D:2:      layout_basic, grunt_ministairs_14, uniq_terence

Skill      XL: |  1 |
---------------+----+-----
Earth Magic    | 2 |  2.2
Fighting       | |  1.0
Dodging        | |  3.6
Shields        | |  1.0
Spellcasting   | |  3.0
Summonings     | |  2.1

Action                     || total
---------------------------++-------
  Melee: Dagger            ||    39
   Stab: Sleeping          ||     1
 Armour: Robe              ||    15
  Dodge: Dodged            ||    28
  Block: Buckler           ||     8

Table legend: (Time is in decaauts)
 A = Elapsed time spent in this place.
 B = Non-inter-level travel time spent in this place.
 C = Inter-level travel time spent in this place.
 D = Time resting spent in this place.
 E = Time spent auto-exploring this place.
 F = Levels seen in this place.
 G = Mean time per level.
                   A        B        C        D        E       F      G
               +--------+--------+--------+--------+--------+-----+--------+
         Total |    363 |    363 |      0 |      0 |    281 |   2 |  181.5 |
       Dungeon |    363 |    363 |      0 |      0 |    281 |   2 |  181.5 |
               +--------+--------+--------+--------+--------+-----+--------+

Top non-repeatable levels by time:
     D:1: 309 daAuts
     D:2: 54 daAuts
